Map: Línea Aguablanca EE

Players

tron

  • Race: Zerg Zerg
  • Spawn Location: 12:00

Mantwan

  • Race: Terran Terran
  • Spawn Location: 1:00

Jimye

  • Race: Zerg Zerg
  • Spawn Location: 1:00

MrFercho

  • Race: Zerg Zerg
  • League: Silver
  • Spawn Location: 6:00

tigro

  • Race: Terran Terran
  • League: Bronze
  • Spawn Location: 7:00

TATORREA

  • Race: Protoss Protoss
  • League: Silver
  • Spawn Location: 7:00

VOD

Have the link to the VOD?

Description

Time

  • Played on: May 20, 2020, 7:06 p.m.
  • Length: 21:45
Show
View Real Time Build Order
Export as new Build Order

tron Zerg 

Build Orders: Hatch First 

Get SALT Encoding   

  12  0:02  Drone  
  13  0:11  Drone  
  14  0:17  Overlord  
  14  0:43  Hatchery  
  14  0:46  Drone  
  15  0:50  Drone  
  15  1:01  Extractor  
  14  1:05  Drone  
  15  1:13  Spawning Pool  
  15  1:25  Drone x2  
  15  1:26  Drone  
  17  1:38  Overlord  
  19  2:01  Zergling x4  
  17  2:38  Zergling x4  
  17  2:39  Zergling x2  
  17  2:42  Queen  
  22  2:58  Zergling x2  
  22  3:05  Extractor  
  22  3:06  Drone  
  21  3:17  Queen  
  22  3:26  Baneling Nest  
  21  3:28  Metabolic Boost  
  21  3:31  Drone x2  
  23  3:44  Spine Crawler  
  22  3:53  Queen  
  23  4:14  Baneling x4  
  23  4:24  Drone x2  
  23  4:25  Drone x3  
  28  4:34  Hatchery  
  28  4:37  Lair  
  27  5:03  Drone x3  
  27  5:04  Overlord  
  30  5:36  Spire  
  30  5:37  Drone  
  30  5:52  Spire  
  30  6:00  Pneumatized Carapace  
  30  6:10  Infestation Pit  
  29  6:19  Overlord x2  
  30  6:49  Mutalisk  
  30  6:50  Mutalisk x3  
  38  6:59  Drone x4  
  38  7:00  Drone x3  
  45  7:41  Hatchery  
  45  7:44  Extractor  
  43  7:48  Extractor  
  42  8:29  Mutalisk x5  
  50  9:21  Corruptor  
  50  9:22  Corruptor x2  
  56  9:26  Drone x3  
  53  10:34  Overlord x3  
  53  10:36  Zergling x6  
  53  10:37  Zergling x6  
  59  10:43  Drone x3  
  62  10:54  Infestation Pit  
  55  11:10  Corruptor  
  55  11:11  Corruptor  
  57  11:29  Zergling x4  
  59  11:33  Zergling x10  
  59  11:34  Zergling x2  
  65  12:15  Queen  
  67  12:16  Hatchery  
  66  12:23  Corruptor x2  
  66  12:24  Corruptor x4  
  66  12:28  Baneling x2  
  66  12:29  Baneling x5  
  78  12:40  Overseer x3  
  78  12:45  Hive  
  78  12:48  Drone x2  
  78  12:49  Drone  
  81  13:14  Drone x2  
  81  13:15  Drone x5  
  88  13:38  Overlord x3  
  88  14:23  Queen  
  90  14:26  Hatchery  
  89  14:48  Corruptor x5  
  89  14:49  Corruptor x3  
  105  14:56  Drone  
  105  14:57  Drone  
  107  15:11  Extractor  
  107  15:13  Mutalisk x5  
  116  15:42  Drone x4  
  120  15:43  Drone x2  
  120  15:47  Drone  
  123  15:50  Extractor  
  123  15:57  Drone  
  123  16:06  Greater Spire  
  123  16:12  Overlord x2  
  123  16:13  Overlord x2  
  123  16:16  Drone  
  123  16:17  Drone  
  125  16:30  Queen  
  125  16:32  Drone  
  128  16:33  Drone x4  
  132  16:48  Corruptor  
  132  16:49  Corruptor x4  
  142  17:05  Centrifical Hooks  
  142  17:07  Adrenal Glands  
  142  17:11  Pathogen Glands  
  140  17:47  Overlord x2  
  140  18:06  Brood Lord  
  140  18:07  Brood Lord x6  
  140  18:08  Brood Lord x5  
  164  18:14  Overlord x2  
  164  18:17  Drone  
  165  18:49  Corruptor x3  
  165  18:50  Corruptor x4  
  179  19:55  Hatchery  
Show
View Real Time Build Order
Export as new Build Order

Mantwan Terran 

Build Orders:  

Get SALT Encoding   

  12  0:15  Supply Depot  
  12  0:23  SCV  
  12  0:27  Refinery  
  13  0:40  Barracks  
  13  0:50  Refinery  
  13  1:07  SCV  
  14  1:21  SCV  
  15  1:34  SCV  
  15  1:37  Factory  
  16  1:45  Supply Depot, Marine  
  16  1:46  SCV  
  18  2:13  Marine  
  19  2:31  Marine  
  20  2:40  Factory Tech Lab  
  20  2:49  Marine  
  21  2:55  Starport  
  21  3:05  Siege Tank  
  24  3:15  Marine  
  25  3:33  Marine  
  26  3:42  Bunker  
  26  3:50  Siege Tank  
  29  4:15  Fusion Core  
  29  4:47  Supply Depot  
  29  5:09  Siege Tank  
  32  5:15  Marine  
  33  5:48  Marine  
  34  6:06  Marine  
  34  6:35  Factory Tech Lab  
  34  6:43  SCV  
  34  6:46  Supply Depot, Starport Tech Lab  
  35  6:55  SCV  
  35  7:00  Siege Tank  
  39  7:07  Viking, SCV  
  41  7:19  Supply Depot  
  41  7:23  Supply Depot  
  41  7:37  Viking  
  37  7:58  Siege Tank  
  40  8:08  Battlecruiser  
  46  8:41  Supply Depot  
  46  9:12  Battlecruiser  
  41  10:03  Siege Tank  
  50  10:21  Battlecruiser  
  53  10:35  Siege Tank  
  53  11:39  Battlecruiser  
  59  12:36  Command Center  
  59  12:43  Battlecruiser  
  65  13:01  Command Center  
  65  13:23  Armory  
  65  13:31  SCV  
  66  13:43  SCV  
  66  13:48  Battlecruiser  
  73  13:55  SCV  
  74  13:59  Supply Depot  
  75  14:02  SCV  
  75  14:07  SCV  
  76  14:14  Supply Depot  
  76  14:15  SCV  
  77  14:19  SCV  
  78  14:25  Terran Vehicle Weapons Level 1  
  78  14:27  SCV  
  79  14:39  SCV  
  80  14:49  Supply Depot  
  80  14:51  SCV  
  80  14:52  Battlecruiser  
  87  14:58  Armory  
  87  15:48  SCV  
  88  15:51  SCV  
  88  15:56  Battlecruiser  
  95  16:00  SCV, Refinery  
  95  16:03  SCV, Refinery  
  97  16:12  Terran Vehicle And Ship Armor Level 1  
  97  16:13  SCV  
  97  16:15  SCV  
  97  16:18  Supply Depot  
  99  16:25  SCV  
  100  16:27  SCV  
  101  16:37  SCV  
  101  16:39  SCV  
  103  16:41  Refinery  
  103  16:52  SCV  
  103  16:53  Refinery  
  104  16:54  SCV  
  104  16:56  Terran Vehicle Weapons Level 2  
  105  17:04  SCV  
  105  17:06  SCV  
  107  17:13  Starport  
  107  17:16  SCV  
  108  17:28  SCV  
  109  17:35  Battlecruiser  
  115  17:47  Orbital Command  
  115  17:50  Orbital Command  
  115  17:53  Orbital Command  
  115  18:06  Starport  
  115  18:07  Starport Tech Lab  
  115  18:10  Terran Vehicle And Ship Armor Level 2  
  115  18:40  Battlecruiser  
  121  18:49  Starport Tech Lab  
  121  18:58  Starport  
  121  19:29  Weapon Refit  
  97  20:28  Starport Tech Lab  
  97  20:31  Battlecruiser x2  
Show
View Real Time Build Order
Export as new Build Order

Jimye Zerg 

Build Orders: Pool First 

Get SALT Encoding   

  12  0:01  Drone  
  13  0:09  Drone  
  14  0:17  Overlord  
  14  0:35  Spawning Pool  
  14  0:38  Drone  
  14  0:45  Drone  
  14  0:47  Drone  
  16  1:03  Extractor  
  16  1:04  Drone x2  
  17  1:05  Extractor  
  16  1:34  Drone  
  16  1:35  Drone x2  
  19  1:46  Hatchery  
  18  2:22  Zergling x6  
  20  2:34  Zergling x2  
  20  2:46  Drone  
  20  2:50  Lair  
  21  3:03  Drone  
  22  3:11  Queen  
  24  3:27  Metabolic Boost  
  24  3:33  Drone x2  
  26  3:38  Drone  
  27  3:41  Drone  
  28  4:08  Hydralisk Den, Drone  
  28  4:12  Infestation Pit  
  28  4:16  Overlord x2  
  27  4:19  Drone  
  27  4:23  Overlord  
  27  4:49  Hive  
  27  4:52  Evolution Chamber  
  26  4:54  Evolution Chamber  
  26  4:55  Drone x2  
  26  4:59  Drone  
  28  5:04  Extractor  
  28  5:06  Drone x2  
  29  5:18  Drone  
  30  5:31  Drone x3  
  30  5:35  Zerg Melee Weapons Level 1  
  33  5:36  Zerg Ground Armor Level 1  
  33  5:39  Drone x2  
  33  5:41  Drone  
  36  6:01  Queen  
  36  6:03  Pneumatized Carapace  
  38  6:06  Drone x2  
  38  6:07  Drone x3  
  38  6:08  Drone  
  44  6:16  Extractor  
  43  6:40  Drone  
  43  6:41  Drone x2  
  43  6:42  Drone  
  47  6:51  Drone  
  48  7:10  Zergling x6  
  51  7:19  Hatchery  
  50  7:25  Drone x2  
  51  7:44  Overlord x3  
  51  7:55  Lurker Den  
  50  7:59  Ultralisk Cavern  
  49  8:16  Overseer  
  49  8:40  Zerg Melee Weapons Level 2  
  49  8:41  Zerg Ground Armor Level 2  
  49  8:45  Adrenal Glands  
  49  8:57  Adaptive Talons  
  49  9:08  Ultralisk  
  49  9:09  Ultralisk x4  
  79  9:11  Zergling x4  
  79  9:12  Overlord x2  
  81  9:18  Hatchery  
  81  9:19  Extractor  
  79  9:29  Anabolic Synthesis  
  79  9:34  Overlord x4  
  76  9:52  Overseer  
  70  10:02  Spawning Pool  
  69  10:16  Ultralisk x2  
  81  10:22  Spore Crawler  
  81  10:23  Drone, Spore Crawler  
  81  10:24  Drone x4  
  84  10:29  Spore Crawler  
  84  10:32  Drone  
  84  10:47  Hydralisk  
  84  10:48  Hydralisk x2  
  90  10:50  Hydralisk x2  
  69  11:48  Ultralisk x5  
  93  11:57  Drone x3  
  95  12:05  Chitinous Plating  
  95  12:38  Hatchery  
  95  12:43  Extractor  
  93  13:13  Muscular Augments  
  93  13:31  Zerg Melee Weapons Level 3  
  93  13:33  Zerg Ground Armor Level 3  
  92  14:16  Ultralisk  
  92  14:17  Ultralisk x2  
  110  14:22  Drone x3  
  113  14:24  Grooved Spines  
  113  14:37  Extractor  
  113  14:38  Drone  
  113  15:05  Drone x3  
  116  15:10  Burrow  
  116  15:11  Hydralisk  
  116  15:12  Hydralisk x4  
  125  15:35  Hydralisk  
  125  15:36  Hydralisk  
  129  15:52  Overlord x3  
  129  16:04  Spire  
  128  16:10  Zerg Missile Weapons Level 1  
  128  16:18  Nydus Network  
  128  16:20  Ultralisk x4  
  128  16:22  Zergling x4  
  128  16:25  Zergling x4  
  155  16:26  Zergling x10  
  155  16:29  Overlord  
  155  16:30  Overlord  
  160  16:34  Overseer x2  
  160  16:39  Overseer  
  160  16:40  Overseer  
  160  16:46  Overseer  
  160  16:50  Overlord x2  
  160  16:51  Overlord  
  158  17:27  Zergling x10  
  158  17:28  Zergling x2  
  154  17:52  Hydralisk x2  
  154  17:53  Hydralisk  
  154  17:56  Hydralisk x3  
  164  18:02  Zergling x10  
  164  18:03  Zergling x2  
  170  18:37  Ultralisk  
  170  18:38  Ultralisk  
  182  18:42  Hydralisk  
  184  19:05  Hydralisk  
  184  19:06  Hydralisk x2  
  190  19:13  Hydralisk  
  192  19:59  Nydus Canal  
  192  20:53  Hydralisk x3  
Show
View Real Time Build Order
Export as new Build Order

MrFercho Zerg 

Build Orders: Pool First 

Get SALT Encoding   

  12  0:02  Drone  
  13  0:13  Overlord  
  13  0:17  Drone  
  14  0:25  Extractor  
  14  0:28  Drone  
  14  0:29  Extractor  
  14  0:30  Drone  
  14  0:36  Drone  
  15  0:46  Drone  
  16  1:01  Spawning Pool, Drone  
  16  1:08  Drone  
  17  1:47  Metabolic Boost  
  17  1:50  Zergling x2  
  17  1:51  Zergling x4  
  20  1:55  Queen  
  22  2:42  Roach Warren, Drone  
  22  2:44  Overlord x2  
  19  3:20  Zergling x2  
  19  3:21  Zergling x8  
  24  3:29  Lair  
  19  4:24  Hatchery  
  18  4:25  Drone x3  
  18  4:26  Drone x3  
  24  4:44  Glial Reconstitution  
  24  5:00  Spire  
  24  5:03  Spire  
  22  5:43  Roach  
  22  5:44  Roach x5  
  34  5:55  Hatchery  
  33  6:00  Extractor  
  33  6:02  Extractor  
  31  6:14  Mutalisk  
  31  6:15  Mutalisk x2  
  37  6:32  Pneumatized Carapace  
  37  6:54  Overlord x2, Drone  
  37  6:55  Drone  
  27  7:17  Ravager  
  27  7:18  Ravager x2  
  27  7:50  Zergling x14  
  31  8:42  Mutalisk x4  
  31  8:43  Mutalisk x3  
  38  9:27  Zerg Flyer Armor Level 1, Zerg Flyer Weapons Level 1  
  36  10:20  Mutalisk  
  36  10:21  Mutalisk x2  
  36  11:13  Drone x3  
  28  12:17  Mutalisk x4  
  28  12:18  Mutalisk x2  
  40  12:23  Drone  
  40  12:24  Drone x2  
  43  12:55  Infestation Pit  
  42  13:00  Hydralisk Den  
  42  13:03  Drone x2  
  42  13:04  Drone  
  15  14:07  Mutalisk  
  15  14:08  Mutalisk x5  
  27  14:19  Hydralisk  
  29  14:35  Grooved Spines  
  17  15:49  Hive  
  17  16:17  Spore Crawler  
  17  16:18  Spore Crawler  
  15  16:20  Spore Crawler  
  15  16:23  Zergling x8  
  15  16:24  Zergling x20  
  27  17:27  Burrow  
  14  18:09  Drone  
  15  18:31  Lurker Den  
  14  18:37  Spore Crawler  
  13  18:42  Spore Crawler  
  13  18:46  Adrenal Glands  
  12  18:51  Corruptor x5  
  12  18:52  Corruptor x2, Spore Crawler  
  25  19:34  Lurker  
Show
View Real Time Build Order
Export as new Build Order

tigro Terran 

Build Orders:  

Get SALT Encoding   

  12  0:05  SCV  
  13  0:17  SCV  
  14  0:22  Supply Depot  
  14  0:29  SCV  
  15  0:44  SCV  
  16  0:53  Barracks  
  16  0:55  Refinery  
  16  0:56  SCV  
  17  1:08  SCV  
  18  1:28  SCV  
  19  1:38  Supply Depot  
  19  1:40  SCV  
  19  1:42  Marine  
  21  1:51  Refinery  
  21  1:53  SCV  
  22  2:00  Marine  
  23  2:05  SCV  
  23  2:07  Barracks  
  24  2:17  SCV  
  24  2:18  Marine  
  26  2:36  Marine  
  27  2:53  Marine  
  27  2:56  Orbital Command  
  28  3:01  Barracks Tech Lab  
  28  3:12  Reaper  
  29  3:41  Marauder  
  31  3:42  Factory  
  31  3:44  Reaper  
  29  4:02  Marauder  
  31  4:17  Barracks Tech Lab, Engineering Bay  
  31  4:18  Combat Shield  
  31  4:23  Marauder  
  30  4:45  Marauder  
  32  4:51  Starport  
  31  5:06  Marauder  
  33  5:08  Command Center  
  33  5:13  Factory Tech Lab  
  33  5:27  Reaper  
  33  5:28  Marauder  
  36  5:37  Stimpack  
  38  5:44  Refinery  
  38  5:45  Starport Tech Lab  
  38  5:49  Reaper  
  37  5:59  Reaper  
  37  6:01  Siege Tank  
  41  6:08  SCV  
  42  6:15  Banshee  
  45  6:21  Reaper  
  46  6:31  Reaper  
  39  6:53  Reaper  
  40  7:04  Reaper  
  40  7:16  Medivac  
  40  7:20  Siege Tank  
  45  7:23  Planetary Fortress  
  45  7:46  Banshee  
  48  8:10  Missile Turret  
  43  8:29  Viking  
  35  8:59  Viking  
  37  9:07  Missile Turret  
  37  9:20  Cloaking Field  
  17  10:13  SCV  
  18  10:18  SCV  
  19  10:25  SCV  
  20  10:30  SCV  
  20  10:33  Missile Turret  
  21  10:37  SCV  
  21  10:42  SCV  
  23  10:49  SCV  
  24  10:54  Corvid Reactor, SCV  
  24  10:57  Banshee  
  25  11:01  SCV  
  29  11:06  SCV  
  30  11:16  Refinery  
  30  11:19  SCV  
  25  11:39  Banshee  
  25  11:46  Armory, Marine  
  27  12:03  Marine  
  28  12:12  SCV  
  28  12:13  Hyperflight Rotors  
  29  12:21  Marine, Siege Tank  
  29  12:22  Banshee  
  33  12:25  SCV  
  37  12:37  SCV  
  38  12:49  SCV  
  39  13:01  SCV  
  39  13:05  Banshee  
  43  13:15  Terran Infantry Weapons Level 1  
  43  13:26  Thor  
  49  13:29  Fusion Core  
  49  13:48  Medivac  
  51  13:54  Missile Turret  
  51  14:09  Siege Tank  
  54  14:18  Banshee  
  54  14:19  SCV  
  58  14:31  SCV  
  59  14:44  SCV  
  60  14:56  SCV  
  61  15:02  Banshee  
  61  15:08  SCV  
  61  15:09  Terran Infantry Armor Level 1  
  61  15:11  Missile Turret  
  62  15:30  Missile Turret  
  62  15:59  Weapon Refit  
  62  16:33  Missile Turret  
  62  16:35  Supply Depot  
  62  16:56  Marine  
  62  16:57  Battlecruiser  
  69  17:03  Neosteel Armor  
  69  17:14  Marine  
  70  17:32  Marine  
  71  17:39  Rapid Reignition System, Command Center  
  71  17:45  Missile Turret  
  71  17:48  Marine  
  71  17:50  Marine  
  73  17:54  Terran Vehicle Weapons Level 1  
  73  18:06  Marine  
  73  18:07  Marine  
  73  18:09  Starport  
  75  18:24  Marine  
  75  18:26  Supply Depot  
  76  18:36  Advanced Ballistics  
  76  18:42  Marine  
  76  18:43  Hi-Sec Auto Tracking, Refinery  
  76  18:48  Battlecruiser, Siege Tank  
  86  18:50  Supply Depot  
  86  18:53  Starport Tech Lab  
  86  18:59  Marine  
  87  19:07  Refinery  
  87  19:11  Planetary Fortress  
  87  19:20  Widow Mine  
  89  19:42  Widow Mine  
  91  19:52  Battlecruiser  
  74  20:03  Widow Mine  
  51  20:25  Widow Mine  
Show
View Real Time Build Order
Export as new Build Order

TATORREA Protoss 

Build Orders:  

Get SALT Encoding   

  12  0:02  Probe  
  13  0:17  Probe  
  14  0:28  Pylon  
  14  0:30  Probe  
  15  0:46  Probe  
  16  1:01  Forge  
  16  1:13  Probe  
  17  1:37  Pylon  
  17  1:39  Pylon  
  17  1:42  Pylon  
  17  1:45  Pylon  
  17  1:56  Photon Cannon  
  17  1:59  Photon Cannon  
  17  2:01  Photon Cannon  
  16  2:11  Photon Cannon  
  16  2:15  Photon Cannon  
  16  2:36  Pylon  
  16  2:41  Photon Cannon  
  16  2:43  Photon Cannon  
  16  2:59  Photon Cannon  
  16  3:06  Probe  
  17  3:19  Probe  
  18  3:28  Gateway  
  18  3:32  Photon Cannon  
  18  3:35  Photon Cannon  
  18  3:59  Pylon  
  18  4:05  Probe  
  19  4:23  Probe  
  20  4:30  Cybernetics Core  
  20  4:35  Probe  
  21  4:39  Photon Cannon  
  21  4:41  Photon Cannon  
  21  4:44  Photon Cannon  
  21  4:45  Assimilator  
  21  4:47  Probe  
  21  4:49  Assimilator, Pylon  
  22  4:56  Pylon  
  22  5:01  Pylon  
  22  5:14  Photon Cannon  
  22  5:16  Photon Cannon  
  22  5:21  Photon Cannon  
  22  5:38  Probe  
  23  5:45  Stalker  
  25  5:56  Shield Battery  
  25  5:58  Shield Battery  
  25  6:03  Shield Battery  
  25  6:08  Shield Battery  
  25  6:10  Photon Cannon  
  25  6:23  Pylon  
  25  6:44  Photon Cannon  
  25  6:45  Photon Cannon  
  25  6:56  Gateway  
  25  6:57  Gateway  
  25  7:03  Warp Gate  
  25  7:10  Protoss Ground Weapons Level 1  
  25  7:30  Stargate  
  25  7:33  Stargate  
  25  7:42  Photon Cannon  
  25  7:50  Photon Cannon  
  23  8:02  Stalker  
  15  8:32  Void Ray  
  19  8:43  Void Ray  
  23  8:51  Stalker  
  23  8:52  Stalker  
  27  9:06  Pylon  
  27  9:17  Pylon  
  27  9:22  Void Ray  
  17  10:07  Probe  
  18  10:19  Probe  
  15  12:03  Probe  
  16  12:14  Stalker  
  18  12:17  Protoss Ground Armor Level 1  
  18  12:38  Nexus  
  18  12:42  Pylon  
  18  12:45  Pylon  
  18  12:48  Pylon  
  18  12:52  Pylon  
  18  12:53  Photon Cannon  
  18  13:02  Photon Cannon  
  18  13:19  Photon Cannon  
  18  13:30  Shield Battery  
  18  13:45  Probe  
  19  13:50  Probe  
  20  13:57  Probe  
  21  14:03  Probe  
  22  14:10  Stalker  
  24  14:18  Probe x2  
  26  14:30  Probe x2  
  28  14:42  Probe x2  
  30  14:54  Probe x2  
  30  14:58  Stargate  
  32  15:00  Stargate  
  32  15:06  Probe x2  
  34  15:34  Assimilator  
  34  15:35  Stalker  
  36  15:36  Assimilator  
  36  15:45  Nexus  
  36  15:47  Probe x2  
  38  15:59  Probe x2  
  40  16:11  Probe  
  40  16:12  Probe  
  40  16:18  Void Ray  
  46  16:22  Void Ray  
  46  16:23  Probe  
  46  16:24  Probe  
  52  16:36  Probe x2  
  54  16:59  Probe x2  
  54  17:01  Phoenix  
  58  17:02  Probe  
  58  17:05  Phoenix  
  61  17:18  Probe x2  
  61  17:19  Probe  
  64  17:26  Phoenix  
  64  17:29  Assimilator  
  66  17:30  Phoenix  
  66  17:33  Assimilator  
  66  17:36  Probe x2  
  70  17:37  Probe  
  71  17:51  Phoenix  
  73  17:55  Phoenix  
  73  17:57  Probe x2  
  77  17:59  Protoss Air Weapons Level 1 (Chrono Boost), Fleet Beacon, Probe  
  78  18:09  Probe x2  
  78  18:11  Probe  
  81  18:16  Phoenix  
  83  18:20  Phoenix  
  85  19:04  Pylon  
  85  19:07  Pylon  
  85  19:11  Pylon  
  85  19:14  Pylon  
  85  19:18  Pylon  
  85  19:22  Phoenix x2  
  85  19:23  Pylon, Anion Pulse-Crystals (Chrono Boost)  
  89  19:28  Pylon  
  89  19:32  Pylon  
  89  19:40  Pylon  
  89  19:43  Pylon  
  89  19:47  Phoenix x2  
  89  19:48  Pylon  
  89  19:52  Pylon  
  93  19:55  Pylon  
  91  20:12  Phoenix x2  
  63  20:37  Phoenix x2  
  66  21:02  Phoenix x2  
Tags
 
Add a new tag
Caveats
  • Supply blocks, unpowered buildings, or Contaminate may cause inaccurate times.
  • Supply counts are checked every 10 seconds.